AoeStats
← JPSL

Arabia

508964487Analyzed
1v1 RM · 9d ago on Sep 24, 2026· 28m 44s· 2 players
Game mode
Random Map
Map size
Tiny (2 player)
Population
200
Speed
Normal
Resources
Standard
Victory
Conquest
Starting age
Dark Age
Ending age
Imperial Age
RankedLock teamsTeams togetherTeam positionsShared explorationLock speedFull tech treeHidden civsTurbo modeCheats
Victory
Defeat
🇦🇷 Lithuanians · Argentina
1344
+18
🇧🇷 Maya · Brazil
1383
-18
JPSL
4:47 Loom
8:51 Feudal Age
9:46 Double-Bit Axe
11:12 Horse Collar
12:59 Fletching
15:58 Wheelbarrow
17:29 Padded Archer Armor
20:12 Castle Age
19:25 Scale Barding Armor
19:33 Bloodlines
19:32 Town Watch
19:54 Horse Collar
20:17 Gold Mining
20:39 Elite Skirmisher
21:32 Bodkin Arrow
23:29 Leather Archer Armor
25:01 Bow Saw
Otávio MNG
0:25 Loom
9:25 Feudal Age
9:56 Double-Bit Axe
12:03 Town Watch
15:46 Fletching
22:06 Castle Age
20:50 Padded Archer Armor
21:26 Gold Mining
21:18 Horse Collar
22:09 Crossbowman
22:21 Crossbowman
23:16 Bodkin Arrow
28:07 Ballistics
28:10 Scale Mail Armor
28:52 Forging
Connection lost

Rejoining the realm…

Still unreachable

The connection could not be restored.

Session expired

The server has moved on; the page needs a fresh start.